 Dungeon Crawl Stone Soup version 0.24.0-13-gcf9b319 (webtiles) character file.

Game seed: 3787618732977770603, levelgen mode: deterministic

275 CabbageHands the Slasher (level 6, -4/70 HPs)
             Began as a Demonspawn Berserker on Nov 29, 2019.
             Was a Believer of Trog.
             Slain by an ogre
             ... wielding a +0 giant club
              (16 damage)
             ... on level 4 of the Dungeon.
             The game lasted 00:05:47 (3293 turns).

CabbageHands the Slasher (Demonspawn Berserker)     Turns: 3293, Time: 00:05:48

Health: -4/70      AC: 11    Str: 22    XL:     6   Next: 3%
Magic:  6/6        EV:  8    Int:  8    God:    Trog [**....]
Gold:   198        SH:  6    Dex: 15    Spells: 5/5 levels left

rFire    . . .     SeeInvis .   a - +0 falchion
rCold    . . .     Gourm    .   (no shield)
rNeg     . . .     Faith    .   o - +0 chain mail
rPois    +         Spirit   .   (no helmet)
rElec    .         Reflect  .   (no cloak)
rCorr    .         Harm     .   (no gloves)
MR       .....                  n - +1 pair of boots
Stlth    ..........             (no amulet)
HPRegen  0.21/turn              h - ring of flight
MPRegen  0.10/turn              p - ring of poison resistance

@: berserking, drained, very quick
A: large bone plates 2
a: Berserk, Trog's Hand, Renounce Religion, Evoke Flight


You were on level 4 of the Dungeon.
You worshipped Trog.
Trog was pleased with you.
You were hungry.

You visited 1 branch of the dungeon, and saw 4 of its levels.

You collected 198 gold pieces.

Inventory:

Hand Weapons
 a - a +0 falchion (weapon)
Armour
 b - a +0 animal skin
 i - a +0 pair of boots
 k - a +0 ring mail
 n - a +1 pair of boots (worn)
 o - a +0 chain mail (worn)
Jewellery
 h - a ring of flight (left hand)
 p - a ring of poison resistance (right hand)
Scrolls
 d - 2 scrolls of remove curse {unknown}
 e - 5 scrolls of identify {unknown}
 f - a scroll of enchant armour {unknown}
 g - a scroll of blinking {unknown}
 l - a scroll of amnesia {unknown}
Potions
 j - a potion of resistance {unknown}
 q - a potion of ambrosia {unknown}
Comestibles
 c - 10 rations
 m - 5 chunks of flesh


   Skills:
 - Level 3.0(2.0) Fighting
 * Level 5.3(4.2) Long Blades
 + Level 3.5(2.5) Armour
 - Level 1.7(0.8) Dodging


You had 5 spell levels left.
You didn't know any spells.
Your spell library was empty.

Dungeon Overview and Level Annotations

Branches:
Dungeon (4/15)
 Temple: D:4-7

Altars:
Qazlal


Innate Abilities, Weirdness & Mutations

You are mostly covered in large bone plates. (SH +6)


Message History

You hit the ogre.
The ogre is lightly wounded.
The ogre hits you with a +0 giant club!
You hit the ogre.
The ogre is moderately wounded.
The ogre misses you.
You hit the ogre.
The ogre is heavily wounded.
The ogre hits you with a +0 giant club!
Your chain mail prevents you from hitting the ogre.
The ogre is heavily wounded.
The ogre hits you with a +0 giant club!
* * * LOW HITPOINT WARNING * * *
A red film seems to cover your vision as you go berserk!
You feel yourself moving faster!
You feel mighty!
You are feeling hungry.
You slash the ogre!
The ogre is almost dead.
The ogre hits you with a +0 giant club!
You die...

........ ####.....<....
.<...<.. #.......... ......#
# ............. .
.....##.............##. ..
..=$...............### ...##
#...# ........###....#
#....###..# #........###....
.......#..####.#........#....
........†..O@................
.........#####.......#.#.....
.?.........# #....>.# #.....
........>.## #..#...####..##
..........÷####.###.[.##.....
..#.#..##...#...####.##......
. ###.. #.......##...#.......
#... ##...........#.......
#..# #...######.##.......


You could see an ogre.

Vanquished Creatures
  The ghost of Mavenl the Skirmisher, an amateur DsAK of Lugonu (D:3)
  A centaur skeleton (D:4)
  6 adders
  2 worms (D:2)
  2 leopard geckos
  An orc (D:4)
  4 giant cockroaches
  4 goblins
  A hobgoblin (D:1)
  8 jackals
  7 kobolds
  A quokka (D:3)
  8 bats
  4 frilled lizards
  A leopard gecko skeleton (D:4)
  5 rats
56 creatures vanquished.

Notes
Turn   | Place    | Note
-------+----------+-------------------------------------------
     0 | D:1      | CabbageHands the Demonspawn Berserker began the quest for
                  | the Orb.
     0 | D:1      | Reached XP level 1. HP: 18/18 MP: 1/1
   146 | D:1      | Reached skill level 3 in Long Blades
   180 | D:1      | Gained mutation: You are partially covered in large bone
                  | plates. (SH +4) [demonic ancestry]
   180 | D:1      | Reached XP level 2. HP: 17/24 MP: 2/2
   645 | D:2      | Found a faded altar of an unknown god.
   740 | D:2      | Reached XP level 3. HP: 21/29 MP: 3/3
  1543 | D:2      | Reached ** piety under Trog
  1647 | D:2      | Reached skill level 4 in Long Blades
  1647 | D:2      | Reached XP level 4. HP: 34/35 MP: 4/4
  2033 | D:3      | Found a stormy altar of Qazlal.
  2034 | D:3      | Noticed an air elemental
  2036 | D:3      | Noticed a water elemental
  2036 | D:3      | Noticed a fire elemental
  2036 | D:3      | Noticed an earth elemental
  2165 | D:3      | Found a runed translucent door.
  2165 | D:3      | Noticed Mavenl's ghost (amateur DsAK)
  2222 | D:3      | Killed Mavenl's ghost
  2222 | D:3      | Reached skill level 5 in Long Blades
  2222 | D:3      | Gained mutation: You are mostly covered in large bone
                  | plates. (SH +6) [demonic ancestry]
  2222 | D:3      | Reached XP level 5. HP: 11/41 MP: 5/5
  3131 | D:4      | Reached XP level 6. HP: 39/47 MP: 6/6
  3293 | D:4      | Slain by an ogre

Levels and vault maps discovered:
D:1:      minmay_arrival_loop, layout_loops_ring, st_stairs_13
D:2:      layout_basic, chequers_ecumenical_altar_simple_redux
D:3:      layout_basic, gammafunk_ghost_grave, dk_vineyard_1,
          nicolae_qazlal_style_of_elements
D:4:      layout_cave_pools, serial_shops, shop, minmay_ruptured

Skill      XL: |  1  2  3  4 |
---------------+-------------+-----
Long Blades    | 3 4 5 |  5.3
Armour         | 2 3 |  3.5
Fighting       | |  3.0
Dodging        | |  1.7

Action                   |  1- 3 |  4- 6 || total
-------------------------+-------+-------++-------
Melee: Falchion          |   152 |   131 ||   283
Invok: Berserk           |       |     2 ||     2
       Trog's Hand       |       |     1 ||     1
  Use: Potion            |       |     4 ||     4
 Stab: Sleeping          |     1 |       ||     1
  Eat: Chunk             |     2 |     1 ||     3
       Ration            |       |     2 ||     2
Armor: Animal skin       |     5 |       ||     5
       Ring mail         |    48 |       ||    48
       Skin              |       |    33 ||    33
       Chain mail        |       |    59 ||    59
Dodge: Dodged            |    92 |    56 ||   148
Block: Other             |    19 |    35 ||    54
       Rpst.: Falchion   |    21 |    18 ||    39
